Map: Chain of Ascension

Players

NamroodTuo

  • Race: Terran Terran

MrMechanist

  • Race: Zerg Zerg
  • Spawn Location: 11:00

VOD

Have the link to the VOD?

Description

Time

  • Played on: May 31, 2023, 11:53 a.m.
  • Length: 8:57
Show
View Real Time Build Order
Export as new Build Order

NamroodTuo Terran 

Build Orders:  

Get SALT Encoding   

  12  0:14  SCV  
  13  0:31  SCV  
  13  0:34  Engineering Bay  
  14  0:48  SCV  
  15  0:50  Refinery  
  15  0:59  Refinery  
  15  1:05  SCV  
  16  1:23  Auto-Turret  
  16  1:26  SCV  
  17  1:42  SCV  
  18  1:52  Auto-Turret  
  18  1:59  SCV  
  19  2:16  SCV  
  19  2:18  Outlaw Weapons Level 1  
  20  2:41  SCV  
  21  2:56  Gunslingers Hideout  
  21  2:58  SCV  
  22  3:01  Tychus  
  22  3:16  Auto-Turret  
  22  3:26  SCV  
  23  3:43  SCV  
  24  4:00  Auto-Turret, SCV  
  25  4:18  Flashforce GDM Visor  
  25  4:29  Auto-Turret  
  25  4:40  SCV  
  26  4:57  SCV  
  27  5:10  James Sirius Sykes  
  37  5:20  SCV  
  38  5:34  Auto-Turret  
  38  5:48  Outlaw Life and Armor Level 1  
  38  8:00  Crooked Sam  
Show
View Real Time Build Order
Export as new Build Order

MrMechanist Zerg 

Build Orders:  

Get SALT Encoding   

  12  0:04  Drone  
  13  0:12  Drone  
  13  0:18  Extractor  
  13  0:22  Drone  
  14  0:36  Overlord  
  14  1:02  Drone  
  14  1:03  Drone x2  
  14  1:06  Drone  
  14  1:07  Drone  
  14  1:09  Drone  
  20  1:29  Roach Warren  
  19  1:35  Overlord  
  19  1:43  Extractor  
  19  1:44  Drone  
  19  1:48  Drone  
  20  1:53  Drone  
  20  1:58  Drone  
  20  1:59  Queen  
  24  2:24  Roach  
  26  2:31  Roach  
  28  2:41  Overlord  
  28  2:49  Roach  
  30  3:05  Lair  
  30  3:12  Drone x2  
  30  3:15  Drone  
  33  3:22  Drone  
  33  3:25  Drone  
  35  3:48  Evolution Chamber  
  34  3:50  Evolution Chamber  
  34  3:53  Drone, Evolution Chamber  
  34  3:55  Drone  
  34  4:18  Queen  
  34  4:37  Drone  
  37  4:42  Overlord x2  
  37  4:46  Incubation Chamber  
  37  4:48  Bio-Mechanical Transfusion  
  37  4:57  Zerg Ground Armor Level 1  
  37  5:17  Drone x2  
  39  5:22  Roach  
  39  5:24  Roach  
  37  6:16  Roach x5  
  37  6:17  Roach  
  47  6:37  Roach  
  47  6:38  Roach  
  51  6:41  Roach  
  53  7:11  Roach  
  53  7:12  Roach x2  
  53  7:14  Roach x2  
  53  7:18  Overlord x2  
  45  7:29  Ravager  
  40  7:30  Ravager x2  
  42  7:58  Queen x2  
  39  8:15  Roach  
  39  8:16  Roach  
  47  8:21  Roach  
  47  8:22  Roach  
  47  8:23  Roach  
  49  8:40  Ravager  
  49  8:41  Ravager  
Tags
 
Add a new tag
Caveats
  • Supply blocks, unpowered buildings, or Contaminate may cause inaccurate times.
  • Supply counts are checked every 10 seconds.